 Dungeon Crawl Stone Soup version 0.30.1-11-g7821555f0a (webtiles) character file.

Game seed: 15516498946751929123

154 Peloso the Covered (level 5, -1/47 HPs)
             Began as a Minotaur Fighter on Dec 28, 2023.
             Slain by an iguana (6 damage)
             ... on level 5 of the Dungeon.
             The game lasted 00:05:41 (2759 turns).

Peloso the Covered (Minotaur Fighter)               Turns: 2759, Time: 00:05:41

Health: -1/47      AC:  8    Str: 19 (21) XL:     5   Next: 13%
Magic:  4/4        EV:  7    Int:  5      God:
Gold:   93         SH:  4    Dex: 10 (11) Spells: 4/4 levels left

rFire   . . .        a - +0 long sword
rCold   . . .        d - +0 buckler
rNeg    . . .        c - +1 chain mail
rPois   .            (helmet restricted)
rElec   .            (no cloak)
rCorr   .            (no gloves)
SInv    .            x - +0 pair of boots
Will    .....        (no amulet) Stlth
                     (no ring)
HPRegen 0.27/turn    (no ring)
MPRegen 0.09/turn

%: no passive effects
@: mighty, corroded
A: horns 2, retaliatory headbutt, mutation resistance 1
a: no special abilities


You were on level 5 of the Dungeon.
You visited 1 branch of the dungeon, and saw 5 of its levels.

You collected 183 gold pieces.
You spent 90 gold pieces at shops.

Inventory:

Hand Weapons
 a - a +0 long sword (weapon)
 b - a +0 dagger of flaming
Missiles
 w - a throwing net (quivered)
Armour
 c - a +1 chain mail (worn)
 d - a +0 buckler (worn)
 x - a +0 pair of boots (worn)
Jewellery
 f - an amulet of guardian spirit
Wands
 v - a wand of roots (13)
Scrolls
 e - a scroll of identify
 k - 2 scrolls of magic mapping
 m - a scroll of blinking
 n - a scroll of teleportation
 q - a scroll of amnesia
 r - a scroll of poison
 u - a scroll of enchant weapon


   Skills:
 + Level 4.8 Fighting
 + Level 4.2 Long Blades
 + Level 4.9 Armour
 + Level 0.8 Dodging
 + Level 3.8 Shields


You had 4 spell levels left.
You didn't know any spells.
Your spell library contained the following spells:

 Spells                   Type           Power      Damage    Failure   Level
 Poisonous Vapours        Pois/Air       0%         N/A       100%        2
 Sublimation of Blood     Necr           0%         N/A       100%        2
 Mephitic Cloud           Conj/Pois/Air  0%         N/A       100%        3
 Vhi's Electric Charge    Tloc/Air       0%         N/A       100%        3
 Petrify                  Tmut/Erth      0%         N/A       100%        4
 Arcjolt                  Conj/Air       0%         1d10      100%        5
 Freezing Cloud           Conj/Ice/Air   0%         6-21      100%        5
 Irradiate                Conj/Tmut      0%         3d11      100%        5
 Maxwell's Capacitive Co  Air            0%         ∞         100%        8


Dungeon Overview and Level Annotations

Branches:
Dungeon (5/15)
 Temple: D:4-7

Altars:

Shops:
D:3 ?   D:4 *

Annotations:
D:2 1 runed translucent door, Crazy Yiuf
D:4 Sigmund


Innate Abilities, Weirdness & Mutations

You have a pair of horns on your head.
You reflexively headbutt those who attack you in melee.
You are somewhat resistant to further mutation.


Message History

There is a stone staircase leading up here.
You feel very mighty all of a sudden. The jelly hits you.
You are splashed with acid!
The quokka bites you but does no damage.
You slash the jelly!
Your hands burn!
The jelly is heavily wounded.
The jelly hits you. The acid corrodes you!
You are splashed with acid!
The quokka closely misses you.
Menkaure gestures at you while chanting.
Pain shoots through your body!
* * * LOW HITPOINT WARNING * * *
You slash the jelly!
You kill the jelly!
The quokka closely misses you. You furiously retaliate!
You headbutt the quokka!
You kill the quokka!
An iguana comes into view.
An orc comes into view. It is wielding a +0 hand axe.
You feel your intelligence returning.
You feel your dexterity returning.
You have reached level 5!
You barely miss Menkaure.
The iguana hisses angrily.
The orc shouts!
You headbutt Menkaure!
Menkaure is severely damaged.
You hear an angry hiss.
Menkaure closely misses you.
The orc priest mumbles some strange prayers to Beogh against you.
You barely resist.
You aren't carrying any potions.
You hit Menkaure. You headbutt Menkaure.
Menkaure is almost destroyed.
Menkaure calls on the powers of darkness!
The orc priest convulses!
The orc convulses!
The iguana convulses!
Your body is wracked with pain!
* * * LOW HITPOINT WARNING * * *
An adder comes into view.
You hit Menkaure.
You destroy Menkaure!
The iguana bites you.
You die...

.#.... ..#
# .....
..# ..
.... ..#
...#...
..#### .
.....
.....
...#...
...
.......#.#
#o.@.#
..S.o..l.#
.........#
#.###....#
# #.....
..#....
..[.....
..........


You could see an iguana, an orc priest, an adder and an orc.

Vanquished Creatures
  Menkaure (D:5)
  A jelly (D:5)
  An iguana (D:4)
  An adder (D:3)
  A worm (D:3)
  2 dart slugs
  An orc (D:3)
  7 ball pythons
  3 bats
  5 endoplasms
  2 giant cockroaches
  6 goblins
  8 hobgoblins
  9 jackals
  4 quokkas
  6 frilled lizards
  11 kobolds
  8 rats
77 creatures vanquished.

Notes
Turn   | Place    | Note
-------+----------+-------------------------------------------
     0 | D:1      | Peloso the Minotaur Fighter began the quest for the Orb.
     0 | D:1      | Reached XP level 1. HP: 19/19 MP: 0/0
   189 | D:1      | Reached XP level 2. HP: 27/27 MP: 1/1
   424 | D:1      | Reached XP level 3. HP: 33/33 MP: 2/2
   518 | D:1      | You fall into a shaft and drop 1 floor!
  1031 | D:2      | Found a runed translucent door.
  1032 | D:2      | Noticed Crazy Yiuf
  1565 | D:3      | Found Etzuuh's Magic Scroll Shoppe.
  1579 | D:3      | Reached XP level 4. HP: 37/41 MP: 3/3
  1596 | D:3      | Bought a scroll of magic mapping for 90 gold pieces
  2227 | D:3      | Gained mutation: You are robust. (+10% HP) [potion of
                  | mutation]
  2227 | D:3      | Gained mutation: Potions are less effective at restoring
                  | your health. [potion of mutation]
  2227 | D:3      | Gained mutation: You are somewhat resistant to further
                  | mutation. [potion of mutation]
  2228 | D:3      | Lost mutation: Potions are less effective at restoring your
                  | health. [potion of mutation]
  2228 | D:3      | Lost mutation: You are robust. (+10% HP) [potion of
                  | mutation]
  2271 | D:4      | Found Wiam's General Store.
  2371 | D:4      | Noticed Sigmund
  2737 | D:4      | Noticed an ogre
  2753 | D:5      | Entered Level 5 of the Dungeon
  2753 | D:5      | Noticed Menkaure
  2757 | D:5      | Reached XP level 5. HP: 7/47 MP: 4/4
  2759 | D:5      | Killed Menkaure
  2759 | D:5      | Slain by an iguana

Illustrated notes

Levels and vault maps discovered:
D:1:      dpeg_arrival_concentric_ovals, layout_loops_ring,
          corexii_item_surrounded_by_moat, minmay_ruptured
D:2:      layout_basic, uniq_crazy_yiuf_cottage
D:3:      layout_basic, serial_shops, shop, minivault_19
D:4:      layout_cave_pools, serial_shops, shop, ebering_ghost_reflecting_pool,
          uniq_robin, uniq_sigmund, uniq_eustachio
D:5:      layout_loops_ring, uniq_menkaure

Skill      XL: |  1  2  3  4 |
---------------+-------------+-----
Armour         | 4 |  4.9
Fighting       | 4 |  4.8
Long Blades    | 3 4 |  4.2
Dodging        | |  0.8
Shields        | |  3.8

Action                     |  1- 3 |  4- 6 || total
---------------------------+-------+-------++-------
  Melee: Long sword        |   130 |    52 ||   182
         Headbutt          |    11 |    12 ||    23
    Use: Potion            |       |    10 ||    10
         Scroll            |       |     6 ||     6
 Armour: Scale mail        |    36 |       ||    36
         Chain mail        |    43 |    34 ||    77
  Dodge: Dodged            |    57 |    29 ||    86
  Block: Buckler           |    29 |    16 ||    45
